 Dungeon Crawl Stone Soup version 0.21-a0-110-g8e1637b (webtiles) character file.

1022 sagitran the Sneak (level 8, 0/36 HPs)
             Began as a Vine Stalker Enchanter on July 7, 2017.
             Slain by a wraith (10 damage)
             ... on level 7 of the Dungeon.
             The game lasted 00:29:49 (3397 turns).

sagitran the Sneak (Vine Stalker Enchanter)         Turns: 3397, Time: 00:29:50

Health: 0/36       AC:  6    Str: 13    XL:     8   Next: 22%
Magic:  0/13       EV: 11    Int: 14    God:
Gold:   203        SH:  0    Dex: 16    Spells: 7/13 levels left

rFire    + . .     SeeInvis .   n - +2 whip (drain)
rCold    . . .     Gourm    .   (no shield)
rNeg     + . .     Faith    .   b - +0 robe
rPois    .         Spirit   +   (no helmet)
rElec    .         Reflect  .   (no cloak)
rCorr    .         Harm     .   w - +0 pair of gloves
MR       +....                  j - +2 pair of boots
Stlth    ++++......             e - amulet of regeneration
HPRegen  0.92/turn              h - ring of positive energy
MPRegen  0.13/turn              k - -2 ring of evasion (curse)

@: very slightly contaminated, slowed, very slow
A: fangs 3, dopey 1, fire resistance 1, frail 1, regeneration 1, strong 1, magic
shield, antimagic bite, no potion heal 3, rot immunity
a: no special abilities


You were on level 7 of the Dungeon.
You were not hungry.

You visited 1 branch of the dungeon, and saw 8 of its levels.

You collected 203 gold pieces.

Inventory:

Hand Weapons
 a - a +2 dagger
 n - a +2 whip of draining (weapon)
Missiles
 p - 118 stones (quivered)
Armour
 b - a +0 robe (worn)
 j - a +2 pair of boots (worn)
 w - a +0 pair of gloves (worn)
Jewellery
 e - an amulet of regeneration (around neck)
 h - a ring of positive energy (left hand)
 k - a cursed -2 ring of evasion (right hand)
Scrolls
 f - a scroll of teleportation
 t - a scroll of amnesia
Potions
 g - a potion of flight
 i - a potion of invisibility {unknown}
 l - a potion of haste {unknown}
 m - a potion of might {unknown}
 o - a potion of cancellation
 s - a potion of agility {unknown}
 v - a potion of mutation {unknown}
Books
 c - a book of Maledictions

   Spells                             Type                      Level
   a - Corona                         Hexes                        1
   b - Ensorcelled Hibernation        Hexes/Ice                    2
   c - Confuse                        Hexes                        3
   d - Tukima's Dance                 Hexes                        3
   e - Dazzling Spray                 Conjuration/Hexes            3
Comestibles
 d - 2 bread rations
 q - a fruit
 r - 5 royal jellies
 u - 14 chunks of flesh
 x - a meat ration


   Skills:
 + Level 3.1 Fighting
 + Level 1.5 Short Blades
 + Level 4.0 Maces & Flails
 + Level 3.1 Dodging
 + Level 7.2 Stealth
 + Level 3.0 Spellcasting
 + Level 0.4 Conjurations
 + Level 3.9 Hexes
 + Level 0.6 Ice Magic


You had 7 spell levels left.
You knew the following spells:

 Your Spells              Type           Power        Failure   Level  Hunger
a - Corona                Hex            ##.....      4%          1    #......
b - Ensorcelled Hibernat  Hex/Ice        #.....       13%         2    ##.....
c - Dazzling Spray        Conj/Hex       #.....       26%         3    ###....


Dungeon Overview and Level Annotations

Branches:
Dungeon (8/15)
 Temple: D:4-7         Lair: D:8-11

Altars:
Cheibriados
Okawaru
Uskayaw
Vehumet
Zin

Shops:
D:4 }   D:7 ?

Annotations:
D:4 Sigmund


Innate Abilities, Weirdness & Mutations

You have razor-sharp teeth.
Your natural rate of healing is unusually fast.
When hurt, damage is shared between your health and your magic reserves.
Your bite disrupts and absorbs the magic of your enemies.
Potions cannot restore your health.
You are immune to rotting.
You are dopey. (Int -2)
Your flesh is heat resistant. (rF+)
You are frail. (-10% HP)
Your muscles are strong. (Str +2)


Message History

The wraith hits you! The wraith drains your vigour!
You feel as though you will be slow longer.
You hit the wraith but do no damage. You bite the wraith, but do no damage.
The wraith hits you!
* * * LOW HITPOINT WARNING * * *
The wraith drains your vigour!
You feel as though you will be slow longer.
The wraith hits you.
* * * LOW HITPOINT WARNING * * *
The wraith drains your vigour!
You feel as though you will be slow longer.
As you read the scroll labeled MEBBUT AMICU, it crumbles to dust.
You hear a loud clanging noise!
It was a scroll of noise.
The wraith closely misses you. The wraith hits you.
* * * LOW HITPOINT WARNING * * *
The wraith drains your vigour!
You feel as though you will be slow longer.
The wraith hits you!
You die...

###.......# ..##.###.##
######### .....# .#
#.......# #.##.###.#
#.#####.#
.>......#####.#####(#
#.######............#
#.#
#.####.####.(#########
..# #.#
#.####........>.# ###
##.####...@W..#######.#
# ###..<....####### .#
# #......##.# .# #
#.#..#.##.######## .#
#####.#..#.##.##.....#
..
...............#.....#
##
........##...#.......#
........##.....#.....#
..###..>.....###.∩...#


You could see a wraith.

Vanquished Creatures
  A hippogriff (D:7)
  2 sky beasts (D:7)
  A phantom (D:4)
  A centaur (D:7)
  A bullfrog (D:7)
  A scorpion (D:7)
  A howler monkey (D:7)
  A crimson imp (D:7)
  A jelly (D:7)
  An iguana (D:4)
  An orc wizard (D:7)
  2 worker ants (D:7)
  3 adders
  5 gnolls
  An adder skeleton (D:4)
  2 worms
  2 dart slugs (D:1)
  6 orcs
  7 bats
  3 giant cockroaches
  3 goblins
  6 hobgoblins
  3 kobolds
  A quokka (D:2)
  A frilled lizard (D:3)
  A leopard gecko zombie (D:7)
  8 rats
66 creatures vanquished.

Vanquished Creatures (others)
  A bullfrog (D:7)
1 creature vanquished.

Grand Total: 67 creatures vanquished

Notes
Turn   | Place    | Note
-------+----------+-------------------------------------------
     0 | D:1      | sagitran the Vine Stalker Enchanter began the quest for the Orb.
     0 | D:1      | Reached XP level 1. HP: 9/9 MP: 4/4
   313 | D:1      | Reached XP level 2. HP: 12/13 MP: 3/6
   351 | D:1      | Reached skill level 4 in Stealth
   398 | D:1      | Learned a level 2 spell: Ensorcelled Hibernation
   699 | D:1      | Reached XP level 3. HP: 16/16 MP: 7/7
  1138 | D:2      | Learned a level 3 spell: Dazzling Spray
  1196 | D:2      | Found a glowing silver altar of Zin.
  1199 | D:2      | Found a snail-covered altar of Cheibriados.
  1210 | D:2      | Found a hide-covered altar of Uskayaw.
  1620 | D:3      | Found an iron altar of Okawaru.
  1706 | D:3      | Reached skill level 1 in Short Blades
  1847 | D:2      | Gained mutation: Your natural rate of healing is unusually fast. [Vine Stalker growth]
  1847 | D:2      | Reached XP level 4. HP: 21/21 MP: 8/8
  2622 | D:4      | Noticed a phantom
  2680 | D:4      | Reached skill level 5 in Stealth
  2701 | D:4      | Killed a phantom
  2701 | D:4      | Reached skill level 1 in Fighting
  2701 | D:4      | Reached skill level 1 in Maces & Flails
  2701 | D:4      | Reached XP level 5. HP: 22/25 MP: 6/9
  2744 | D:4      | Noticed Sigmund
  2805 | D:4      | Found Howkoa's Gadget Shop.
  2808 | D:5      | Entered Level 5 of the Dungeon
  2808 | D:5      | Noticed an ogre
  2879 | D:6      | Noticed a centaur
  2887 | D:7      | Noticed a sky beast
  2890 | D:7      | Noticed a sky beast
  2900 | D:7      | Killed a sky beast
  2900 | D:7      | Reached skill level 6 in Stealth
  2900 | D:7      | Reached XP level 6. HP: 17/30 MP: 9/11
  2904 | D:7      | Gained mutation: Your muscles are strong. (Str +2) [mutagenic meat]
  2905 | D:7      | Gained mutation: You are dopey. (Int -2) [mutagenic meat]
  2906 | D:7      | Gained mutation: Your flesh is heat resistant. (rF+) [mutagenic meat]
  2907 | D:7      | Gained mutation: You are frail. (-10% HP) [mutagenic meat]
  2915 | D:7      | Killed a sky beast
  2932 | D:7      | Noticed a hippogriff
  2950 | D:7      | Killed a hippogriff
  2950 | D:7      | Reached XP level 7. HP: 13/31 MP: 0/12
  2986 | D:8      | Noticed a hippogriff
  3104 | D:7      | Reached skill level 7 in Stealth
  3158 | D:7      | Found a radiant altar of Vehumet.
  3172 | D:7      | Gained mutation: You have razor-sharp teeth. [Vine Stalker growth]
  3172 | D:7      | Reached XP level 8. HP: 24/36 MP: 11/13
  3352 | D:7      | Found Koug's Magic Scroll Shoppe.
  3378 | D:8      | Noticed a wraith
  3397 | D:7      | Slain by a wraith

Vault maps used:
D:1:      lemuel_arrival_lava_pool
D:2:      minitemple, first_bread
D:3:      okawaru_ov_weapons_minmay
D:4:      serial_shops, shop, kennysheep_mini_moat, shop, uniq_sigmund
D:5:      minmay_temple_entry_overgrown, minmay_splitting_lines,
          kennysheep_boxes, uniq_crazy_yiuf_cottage, uniq_eustachio
D:6:      serial_shops, nicolae_shop_behind_doors
D:7:      nicolae_overflow_crystal_walls, serial_shops, shop
D:8:      kennysheep_mini, hangedman_ranch, uniq_joseph

Skill      XL: |  1  2  3  4  5  6  7  8 |
---------------+-------------------------+-----
Stealth        | 4 5 6 7 |  7.2
Short Blades   | 1 |  1.5
Dodging        | 2 3 |  3.1
Fighting       | 1 2 3 |  3.1
Maces & Flails | 1 2 3 4 |  4.0
Spellcasting   | 3 |  3.0
Conjurations   | |  0.4
Hexes          | |  3.9
Ice Magic      | |  0.6

Action                   |  1- 3 |  4- 6 |  7- 9 || total
-------------------------+-------+-------+-------++-------
Melee: Dagger            |    60 |    54 |       ||   114
       Bite              |    41 |    29 |    33 ||   103
       Hunting sling     |    93 |       |       ||    93
       Whip              |       |    52 |    88 ||   140
 Fire: Hunting sling     |     4 |       |       ||     4
Throw: Stone             |       |     1 |       ||     1
 Cast: Corona            |     6 |       |       ||     6
       Ensorcelled Hiber |    11 |     3 |     1 ||    15
       Dazzling Spray    |       |     2 |     2 ||     4
  Use: Scroll            |     5 |     5 |     2 ||    12
 Stab: Sleeping          |    11 |     8 |     2 ||    21
       Distracted        |       |     1 |     2 ||     3
       Invisible         |       |       |     1 ||     1
  Eat: Chunk             |     4 |     8 |       ||    12
       Bread ration      |       |     1 |       ||     1
Armor: Robe              |    44 |    24 |    25 ||    93
Dodge: Dodged            |   120 |    70 |    52 ||   242
